 Dungeon Sprint DCSS version 0.24.1-14-gf8d2b509d9 (webtiles) character file.

Game seed: 10037198316273798469, levelgen mode: deterministic

273 theblackgale the Martial Artist (level 6, -8/49 HPs)
             Began as a Draconian Transmuter on Jan 26, 2023.
             Mangled by a slime creature (10 damage)
             ... in the Dungeon (Sprint I: "Red Sonja").
             The game lasted 00:07:11 (101 turns).

theblackgale the Martial Artist (DrTm)               Turns: 101, Time: 00:07:11

Health: -8/49      AC:  6    Str: 12    XL:     6   Next: 2%
Magic:  13/13      EV: 14    Int: 14    God:
Gold:   162        SH:  0    Dex: 13    Spells: 14/15 levels left

rFire    . . .     SeeInvis .   b - +2 dagger (venom)
rCold    . . .     Gourm    .   (no shield)
rNeg     . . .     Faith    .   (armour unavailable)
rPois    .         Spirit   .   (helmet restricted)
rElec    .         Reflect  .   (no cloak)
rCorr    .         Harm     .   (no gloves)
MR       .....     NoTele   +   (no boots)
Stlth    +.........             (no amulet)
HPRegen  0.16/turn              (no ring)
MPRegen  0.13/turn              (no ring)

@: no status effects
A: unfitting armour, cold-blooded, AC +6
a: no special abilities


You were in the Dungeon.
You were not hungry.

You visited 1 branch You collected 162 gold pieces.

Inventory:

Hand Weapons
 b - a +2 dagger of venom (weapon)
 d - a +0 scythe
Missiles
 a - 12 arrows (quivered)
Scrolls
 i - a scroll of blinking {ii}
Potions
 f - a potion of haste
 g - 2 potions of magic
 h - a potion of berserk rage
Comestibles
 c - a ration


   Skills:
 + Level 2.3 Fighting
 + Level 1.5 Short Blades
 + Level 5.0 Dodging
 + Level 9.3 Unarmed Combat
 + Level 5.1 Spellcasting
 + Level 4.4 Transmutations


You had 14 spell levels left.
You knew the following spells:

 Your Spells              Type           Power        Failure   Level  Hunger
a - Beastly Appendage     Tmut           ###...       2%          1    None

Your spell library contained the following spells:

 Spells                   Type           Power        Failure   Level  Hunger
 Sticks to Snakes         Tmut           ###.....     4%          2    ##.....
 Spider Form              Tmut/Pois      #.........   21%         3    ###....
 Ice Form                 Ice/Tmut       #.......     56%         4    ####...
 Blade Hands              Tmut           ###.......   58%         5    ######.


Dungeon Overview and Level Annotations

Branches:
Dungeon (1/1)

Altars:
Makhleb
Sif Muna
Vehumet
Wu Jian
Xom
Jiyva
Lugonu


Innate Abilities, Weirdness & Mutations

Your plain brown scales are hard. (AC +6)
You cannot fit into any form of body armour.
You are cold-blooded and may be slowed by cold attacks.


Message History

Found a radiant altar of Vehumet.
You see here a scroll labeled MYCUOL KOPT.
You hit the slime creature.
The slime creature is lightly wounded.
The slime creature misses you.
You hit the slime creature.
The slime creature is poisoned.
The slime creature is lightly wounded.
The slime creature hits you!
* * * LOW HITPOINT WARNING * * *
You see here a glowing hat.
The jelly quivers.
The slime creature hits you.
* * * LOW HITPOINT WARNING * * *
The jelly hits you but does no damage. The jelly barely misses you.
You open the door. The slime creature barely misses you.
The jelly barely misses you.
Found 135 gold pieces.
The slime creature hits you!
You die...

###################
#<.#.['..#..'..#__#
#..)..#..[..#..'..+
#..#####'#####'#__#
#..# #..#$$$#?# ##
#..# ####$$##[#
#..# #@#_.+ #⌠⌠#
+.J._# #### #_J#+#
##+#


You could see a slime creature and a jelly.

Vanquished Creatures
  Sigmund (D)
  An ogre (D)
  Ijyb (D)
3 creatures vanquished.

Notes
Turn   | Place    | Note
-------+----------+-------------------------------------------
     0 | D        | theblackgale the Draconian Transmuter began the quest for
                  | the Orb.
     0 | D        | Reached XP level 1. HP: 16/16 MP: 3/3
     2 | D        | Noticed Ijyb
    21 | D        | Killed Ijyb
    21 | D        | Reached skill level 5 in Unarmed Combat
    21 | D        | Reached XP level 2. HP: 23/23 MP: 4/6
    33 | D        | Noticed an ogre
    43 | D        | Killed an ogre
    43 | D        | Reached skill level 7 in Unarmed Combat
    43 | D        | Reached XP level 3. HP: 10/28 MP: 6/8
    43 | D        | Reached XP level 4. HP: 13/35 MP: 7/10
    58 | D        | Noticed Sigmund
    74 | D        | Killed Sigmund
    74 | D        | Reached skill level 1 in Short Blades
    74 | D        | Reached skill level 5 in Dodging
    74 | D        | Reached skill level 9 in Unarmed Combat
    74 | D        | Reached skill level 5 in Spellcasting
    74 | D        | Reached XP level 5. HP: 14/42 MP: 10/12
    74 | D        | Reached XP level 6. HP: 17/49 MP: 10/13
    89 | D        | Found a burning altar of Makhleb.
    89 | D        | Found a viscous altar of Jiyva.
    89 | D        | Found a shimmering altar of Xom.
    89 | D        | Found a corrupted altar of Lugonu.
    89 | D        | Noticed a slime creature
    90 | D        | Found an ornate altar of the Wu Jian Council.
    90 | D        | Found a shimmering blue altar of Sif Muna.
    92 | D        | Found a radiant altar of Vehumet.
    98 | D        | HP: 2/49 [slime creature (4)]
   101 | D        | Mangled by a slime creature

Levels and vault maps discovered:
D:        dungeon_sprint_1 [red_sonja_temple_1, red_sonja_temple_small_1]

Skill      XL: |  1  2  3  4 |
---------------+-------------+-----
Dodging        | 2 3 5 |  5.0
Unarmed Combat | 5 7 9 |  9.3
Spellcasting   | 3 4 5 |  5.1
Transmutations | 3 4 |  4.4
Fighting       | 2 |  2.3
Short Blades   | 1 |  1.5

Action                   |  1- 3 |  4- 6 || total
-------------------------+-------+-------++-------
Melee: Unarmed           |    15 |       ||    15
       Kick              |     3 |       ||     3
       Tailslap          |     3 |     3 ||     6
       Dagger            |     4 |    11 ||    15
 Cast: Beastly Appendage |     1 |       ||     1
  Use: Potion            |     1 |     1 ||     2
Armor: Skin              |     2 |     2 ||     4
Dodge: Dodged            |    11 |     5 ||    16
